 Dungeon Crawl Stone Soup version 0.20-a0-71-g11d6418 (webtiles) character file.

77 KristoblXynda the Chucker (level 4, -1/32 HPs)
             Began as a Draconian Hunter on Nov 18, 2016.
             Was an Initiate of Cheibriados.
             Slain by Crazy Yiuf
             ... wielding a +2 quarterstaff of chaos
              (17 damage)
             ... on level 2 of the Dungeon.
             The game lasted 00:05:34 (2582 turns).

KristoblXynda the Chucker (Draconian Hunter)        Turns: 2582, Time: 00:05:35

Health: -1/32      AC:  6    Str: 13    XL:     4   Next: 14%
Magic:  4/4        EV: 13    Int: 13    God:    Cheibriados [......]
Gold:   78         SH:  0    Dex: 13    Spells: 0 memorised, 3 levels left

rFire  . . .     SeeInvis .     q - +0 club
rCold  . . .     Gourm    .     (armour unavailable)
rNeg   . . .     Faith    .     (no shield)
rPois  .         Spirit   .     (helmet restricted)
rElec  .         Reflect  .     (no cloak)
rCorr  .         Harm     .     (no gloves)
MR     .....     Clarity  +     r - +0 pair of boots
Stlth  ++........               (no amulet)
                                (no ring)
                                (no ring)

@: slow
A: unfitting armour, blurry vision 2, clarity, frail 1, mutation resistance 1,
weak 1, cold-blooded, AC +5
a: Bend Time, Renounce Religion


You were on level 2 of the Dungeon.
You worshipped Cheibriados.
Cheibriados was noncommittal.
You were not hungry.

You visited 1 branch of the dungeon, and saw 2 of its levels.

You collected 78 gold pieces.

Inventory:

Hand Weapons
 q - a +0 club (weapon)
Missiles
 b - 4 javelins (quivered)
 c - 2 throwing nets
Armour
 r - a +0 pair of boots (worn)
Scrolls
 e - a scroll of teleportation
 g - a scroll of fog {unknown}
 k - 2 scrolls of random uselessness {unknown}
 l - a scroll of remove curse {unknown}
 m - a scroll of identify {unknown}
 o - a scroll of noise {unknown}
 p - a scroll of magic mapping {unknown}
Potions
 a - a potion of degeneration {unknown}
 i - a potion of magic {unknown}
 n - a potion of lignification {unknown}
Comestibles
 d - 2 bread rations
 h - 2 fruits
 j - 2 chunks of flesh


   Skills:
 - Level 2.1 Fighting
 + Level 4.1 Throwing
 + Level 2.8 Dodging
 + Level 2.2 Stealth


You had 3 spell levels left.
You didn't know any spells.

Dungeon Overview and Level Annotations

Branches:
Dungeon (2/15)

Altars:
Cheibriados
Dithmenos
The Shining One

Annotations:
D:2 Crazy Yiuf


Innate Abilities, Weirdness & Mutations

Your plain brown scales are hard. (AC +5)
You cannot fit into any form of body armour.
You are cold-blooded and may be slowed by cold attacks.
Scrolls take you longer to read.
You possess an exceptional clarity of mind.
You are frail. (-10% HP)
You are somewhat resistant to further mutation.
You are weak. (Str -2)


Message History

Found a mace.
Throwing (i - inventory. (,) - cycle):
b - 6 javelins (quivered)
Press: ? - help, Shift-Dir - straight line, f - Crazy Yiuf
Aim: Crazy Yiuf, wielding a quarterstaff of chaos and wearing a cloak You throw a javelin.
The javelin hits Crazy Yiuf!
Crazy Yiuf is moderately wounded.
Throwing (i - inventory. (,) - cycle):
b - 5 javelins (quivered)
Press: ? - help, Shift-Dir - straight line, f/p - Crazy Yiuf
Aim: Crazy Yiuf, wielding a quarterstaff of chaos and wearing a cloak (moderately wounded)
You throw a javelin.
The javelin hits Crazy Yiuf but does no damage.
Crazy Yiuf is moderately wounded.
Crazy Yiuf cries, "You leg down broken song, no?"
Crazy Yiuf hits you with a quarterstaff of chaos!
You are lethally poisoned!
You feel better.
Crazy Yiuf hits you with a quarterstaff of chaos!
You are electrocuted!
Ouch! That really hurt!
You die...

###### #####....#
.#.#.#...# .....)...#
♣♣♣♣♣### .#.#.#...# ###
♣♣♣.♣....## .........#
#...#♣..♣.♣P...##
.#.#.#...#
#.((g@♣♣♣♣PP....#
....###..# #)..#♣♣ ♣♣P....#
........## ### ♣♣##..#
.(..#....# #.## .##....###
#.# (####....######## #.#
.## ##.##.......#########.#
(.####.##..#.#............#
..##...##....'.....########


You could see Crazy Yiuf.

Vanquished Creatures
  3 adders (D:2)
  2 oozes (D:1)
  2 dart slugs (D:1)
  5 bats
  2 giant cockroaches
  4 goblins
  6 hobgoblins
  7 kobolds
  4 frilled lizards
  3 rats (D:1)
  A fungus (D:2)
39 creatures vanquished.

Notes
Turn   | Place    | Note
-------+----------+-------------------------------------------
     0 | D:1      | KristoblXynda the Draconian Hunter began the quest for the Orb.
     0 | D:1      | Reached XP level 1. HP: 17/17 MP: 1/1
    73 | D:1      | Reached skill level 1 in Stealth
   422 | D:1      | Reached XP level 2. HP: 20/24 MP: 2/2
   738 | D:1      | Reached XP level 3. HP: 18/29 MP: 3/3
  1680 | D:2      | Gained mutation: You possess an exceptional clarity of mind. [potion of mutation]
  1680 | D:2      | Gained mutation: You are weak. (Str -2) [potion of mutation]
  1680 | D:2      | Gained mutation: Scrolls take you a little longer to read. [potion of mutation]
  1689 | D:2      | Reached skill level 4 in Throwing
  1846 | D:2      | Gained mutation: You are frail. (-10% HP) [potion of mutation]
  1846 | D:2      | Gained mutation: You are somewhat resistant to further mutation. [potion of mutation]
  1846 | D:2      | Gained mutation: Scrolls take you longer to read. [potion of mutation]
  2180 | D:2      | Found a snail-covered altar of Cheibriados.
  2182 | D:2      | Found a shadowy altar of Dithmenos.
  2186 | D:2      | Found a glowing golden altar of the Shining One.
  2200 | D:2      | Became a worshipper of Cheibriados the Contemplative
  2323 | D:2      | Reached XP level 4. HP: 30/32 MP: 4/4
  2575 | D:2      | Found a runed door.
  2579 | D:2      | Noticed Crazy Yiuf
  2582 | D:2      | Slain by Crazy Yiuf

Vault maps used:
D:1:      zelgadis_glass_arrival_small
D:2:      minitemple, st_stairs_13, uniq_crazy_yiuf_cottage

Skill      XL: |  1  2  3 |
---------------+----------+-----
Dodging        | 2 |  2.8
Stealth        | 1 2 |  2.2
Throwing       | 4 |  4.1
Fighting       | |  2.1

Action                   |  1- 3 |  4- 6 || total
-------------------------+-------+-------++-------
Melee: Short sword       |   162 |       ||   162
       Tailslap          |    15 |     5 ||    20
       Club              |     4 |    26 ||    30
Throw: Javelin           |    22 |     3 ||    25
       Throwing net      |     2 |       ||     2
  Use: Potion            |     4 |     1 ||     5
       Scroll            |       |     1 ||     1
  Eat: Chunk             |     2 |       ||     2
       Fruit             |     1 |       ||     1
       Beef jerky        |     1 |       ||     1
       Royal jelly       |       |     1 ||     1
Armor: Skin              |    62 |     6 ||    68
Dodge: Dodged            |   148 |    12 ||   160
